 Dungeon Crawl Stone Soup version 0.29.1-1-gd02db6906a (webtiles) character file.

Game seed: 16809469767781739805

1079 Ashen the Chiller (level 8, -1/54 (58) HPs)
             Began as a Demonspawn Ice Elementalist on Sept 28, 2022.
             Was an Initiate of Makhleb.
             Slain by a wight
             ... wielding a +5 battleaxe
              (12 damage)
             ... on level 5 of the Dungeon.
             The game lasted 00:10:25 (7707 turns).

Ashen the Chiller (Demonspawn Ice Elementalist)     Turns: 7707, Time: 00:10:25

HP:   -1/54 (58)    AC: 12    Str:  8    XL:     8   Next: 8%
MP:   13/15         EV: 14    Int: 18    God:    Makhleb [......]
Gold: 271           SH:  0    Dex: 21    Spells: 10/17 levels left

rFire   . . .      SeeInvis .   A - +1 whip (freeze)
rCold   + . .      Faith    .   (no shield)
rNeg    . . .      Spirit   .   a - +0 robe
rPois   .          Reflect  .   (no helmet)
rElec   .          Harm     .   t - +0 cloak
rCorr   .          Rampage  .   (no gloves)
Will    .....                   (no boots)
Stlth   +++.......              (no amulet)
HPRegen 0.18/turn               o - ring of protection from cold
MPRegen 0.14/turn               z - +6 ring of dexterity

@: ice-armoured, drained
A: claws 2, slimy green scales 1, spiny 1
a: Renounce Religion


You were on level 5 of the Dungeon.
You worshipped Makhleb.
Makhleb was noncommittal.
You visited 1 branch of the dungeon, and saw 6 of its levels.

You collected 526 gold pieces.
You spent 255 gold pieces at shops.

Inventory:

Hand Weapons
 A - a +1 whip of freezing (weapon)
Missiles
 n - 4 poisoned darts
Armour
 a - a +0 robe (worn)
 t - a +0 cloak (worn)
Jewellery
 o - a ring of protection from cold (left claw)
 x - a ring of protection from cold
 z - a +6 ring of dexterity (right claw)
Wands
 v - a wand of polymorph (5)
 y - a wand of light (16)
Scrolls
 c - 2 scrolls of immolation {unknown}
 d - 2 scrolls of vulnerability
 f - a scroll of silence
 k - a scroll of blinking {unknown}
 l - a scroll of enchant armour {unknown}
 p - 2 scrolls of brand weapon {unknown}
 q - 2 scrolls of poison
 r - 3 scrolls of teleportation {unknown}
 s - a scroll of amnesia {unknown}
 w - a scroll of noise {unknown}
Potions
 b - a potion of magic
 e - 2 potions of curing
 g - a potion of heal wounds {unknown}
 h - a potion of invisibility {unknown}
 i - a potion of haste
 j - a potion of might
 m - a potion of attraction {unknown}
 u - 2 potions of mutation {unknown}
 B - a potion of lignification {unknown}


   Skills:
 + Level 3.2 Fighting
 + Level 3.6 Dodging
 + Level 3.8 Stealth
 * Level 5.1 Spellcasting
 * Level 5.9 Ice Magic


You had 10 spell levels left.
You knew the following spells:

 Your Spells              Type           Power      Damage    Failure   Level
a - Freeze                Ice            100%       1d11      1%          1
b - Frozen Ramparts       Ice            50%        1d8       3%          3
c - Ozocubu's Armour      Ice            25%        N/A       3%          3

Your spell library contained the following spells:

 Spells                   Type           Power      Damage    Failure   Level
 Sandblast                Erth           8%         2d5       13%         1
 Call Canine Familiar     Summ           4%         N/A       36%         3
 Portal Projectile        Hex/Tloc       8%         N/A       36%         3
 Hailstorm                Conj/Ice       15%        3d5       36%         4
 Leda's Liquefaction      Hex/Erth       2%         N/A       78%         4
 Lee's Rapid Deconstruct  Erth           2%         3d5*      98%         5
 Statue Form              Tmut/Erth      2%         N/A       100%        6


Dungeon Overview and Level Annotations

Branches:
Dungeon (6/15)
 Temple: D:4-7

Altars:
Fedhas
Makhleb

Shops:
D:1 *:=*   D:4 =

Annotations:
D:2 Sigmund


Innate Abilities, Weirdness & Mutations

You have very sharp fingernails.
You are partially covered in slimy green scales. (AC +2)
You are partially covered in sharp spines.


Message History

The wight hits you from afar with a +0 spear!
You hit the wight but do no damage.
The wight is moderately damaged.
The wight barely misses you. x2
The wight attacks as you move away! The wight hits you with a +5 battleaxe!
You feel drained. The wight attacks as you move away!
The wight hits you with a +5 battleaxe!
* * * LOW HITPOINT WARNING * * *
There is an escape hatch in the ceiling here.
The wight hits you but does no damage. A mysterious force pulls you upwards.
The hatch slams shut behind you.
Casting: Frozen Ramparts (dangerous; 3% risk of failure)
Confirm with . or Enter, or press ? or * to list all spells.
A film of ice covers your body! The wight closely misses you.
You hit the wight but do no damage.
The wight is moderately damaged.
The wight barely misses you.
You barely miss the wight.
The wight is moderately damaged.
The wight completely misses you.
You barely miss the wight. Your claw misses the wight.
The wight is moderately damaged.
The wight misses you.
You hit the wight.
The wight is moderately damaged.
The wight is struck by your spines. The wight hits you with a +5 battleaxe.
* * * LOW HITPOINT WARNING * * *
You hit the wight but do no damage.
The wight is severely damaged.
The wight closely misses you.
You hit the wight.
The wight is severely damaged.
The wight is struck by your spines. The wight misses you. x2
You barely miss the wight.
The wight is almost destroyed.
The wight hits you but does no damage.
You closely miss the wight.
The wight is almost destroyed.
The wight hits you with a +5 battleaxe!
You die...

....###....................#..###
.....##.............###...##..##.
#..............#....# ##.>##.....
...............#....# #..##...##
........#...........# ##...#..##
........#...........###.#.....#
..#.....................#....##
.....................##.......#
................@.........##..##
........<......z.........#.##..##
........................##.##....
.#...#....#..............#.##....
#...##...#...............##....##
#.##>..#..................#....#
.####.##......#...............##
..####........##...............##
#..............#....#............


You could see a wight.

Vanquished Creatures
  Pikel (D:4)
  An ice beast (D:5)
  A black bear (D:3)
  An ogre (D:5)
  A phantom (D:4)
  A lemure (D:3)
  A gnoll bouda (D:5)
  4 hounds (D:5)
  2 jellies (D:4)
  Terence (D:2)
  Jessica (D:2)
  Natasha (thrice) (D:3)
  6 gnolls (D:5)
  3 adders
  2 worms
  2 dart slugs
  8 orcs
  An endoplasm (D:2)
  16 giant cockroaches
  5 goblins
  7 hobgoblins
  4 jackals
  2 quokkas
  6 ball pythons
  6 bats
  3 frilled lizards
  4 kobolds
  5 rats
98 creatures vanquished.

Notes
Turn   | Place    | Note
-------+----------+-------------------------------------------
     0 | D:1      | Ashen the Demonspawn Ice Elementalist began the quest for
                  | the Orb.
     0 | D:1      | Reached XP level 1. HP: 13/13 MP: 3/3
   428 | D:1      | Found Ufiegh's Book Shop.
   469 | D:1      | Found Ytasaid's Jewellery Emporium.
   530 | D:1      | Gained mutation: You are partially covered in sharp spines.
                  | [demonic ancestry]
   530 | D:1      | Reached XP level 2. HP: 19/19 MP: 1/5
   655 | D:1      | Found Wuiqise's General Store.
   663 | D:1      | Bought a scroll of identify for 22 gold pieces
   840 | D:1      | Found Irurynep's Assorted Antiques.
  1299 | D:2      | Noticed Jessica
  1311 | D:2      | Killed Jessica
  1312 | D:2      | Reached XP level 3. HP: 15/25 MP: 6/6
  1432 | D:2      | Got Pourif's Omnibus of Sandy Illusion
  1437 | D:2      | Learned a level 3 spell: Frozen Ramparts
  1441 | D:2      | Learned a level 3 spell: Ozocubu's Armour
  1486 | D:2      | Found a faded altar of an unknown god.
  1524 | D:2      | Reached skill level 1 in Fighting
  1865 | D:2      | Gained mutation: You have sharp fingernails. [demonic
                  | ancestry]
  1865 | D:2      | Reached XP level 4. HP: 8/32 MP: 6/8
  2339 | D:2      | Noticed Sigmund
  2468 | D:2      | Noticed Terence
  2479 | D:2      | Killed Terence
  3212 | D:3      | Noticed a black bear
  3237 | D:3      | Killed a black bear
  3238 | D:3      | Reached XP level 5. HP: 12/38 MP: 3/10
  3731 | D:3      | Found a blossoming altar of Fedhas.
  3870 | D:3      | Noticed Natasha
  3879 | D:3      | Killed Natasha
  4174 | D:3      | Noticed Natasha
  4186 | D:3      | Killed Natasha
  4187 | D:3      | Gained mutation: You have very sharp fingernails. [demonic
                  | ancestry]
  4187 | D:3      | Reached XP level 6. HP: 17/44 MP: 8/11
  4516 | D:1      | Bought a potion of curing for 33 gold pieces
  4516 | D:1      | Bought a potion of curing for 33 gold pieces
  4516 | D:1      | Bought a scroll of poison for 44 gold pieces
  4516 | D:1      | Bought a scroll of silence for 104 gold pieces
  4575 | D:1      | Bought a dark potion for 19 gold pieces
  4640 | D:3      | Noticed Natasha
  4649 | D:3      | Killed Natasha
  4709 | D:4      | Found Sisooma's Jewellery Emporium.
  4944 | D:4      | HP: 2/44 [hobgoblin (4)]
  5300 | D:4      | Reached skill level 5 in Ice Magic
  5549 | D:4      | Found a burning altar of Makhleb.
  5858 | D:4      | Noticed Pikel
  5877 | D:4      | Killed Pikel
  5878 | D:4      | Reached XP level 7. HP: 14/51 MP: 5/13
  6145 | D:4      | Became a worshipper of Makhleb the Destroyer
  6295 | D:5      | Entered Level 5 of the Dungeon
  6597 | D:5      | Reached skill level 5 in Spellcasting
  6669 | D:5      | Gained mutation: You are partially covered in slimy green
                  | scales. (AC +2) [demonic ancestry]
  6669 | D:5      | Reached XP level 8. HP: 57/58 MP: 15/15
  7707 | D:5      | Slain by a wight

Illustrated notes

Levels and vault maps discovered:
D:1:      onia_arrival_pyramid, layout_basic, serial_shops, shop,
          nicolae_shop_statue_plus, shop, nicolae_shop_crystal
D:2:      minmay_roachtagon, layout_loops_corners,
          shapermc_ecumenical_altar_acropolis, uniq_jessica, uniq_terence,
          uniq_sigmund
D:3:      layout_loops_cross, mainiacjoe_overflow_24_doors, uniq_natasha
D:4:      layout_rooms, mainiacjoe_overflow_alcove_4, serial_shops,
          nicolae_shop_advertising_works [nicolae_subvault_shop_adworks],
          minivault_4, lemuel_flame_loot_1, uniq_pikel
D:5:      layout_layer_cave
D:6:      layout_loops_ring, nicolae_uskayaw_dance_studio,
          mainiacjoe_overflow_concentric_impassable, vehumet_altar_wand_db,
          nicolae_overflow_hidden_temple, zin_scriptorium,
          minmay_temple_entry_statues_fountains, uniq_eustachio

Skill      XL: |  1  2  3  4  5  6  7 |
---------------+----------------------+-----
Stealth        | 2 3 |  3.8
Dodging        | 2 3 |  3.6
Ice Magic      | 4 5 |  5.9
Fighting       | 1 2 3 |  3.2
Spellcasting   | 3 4 5 |  5.1

Action                   |  1- 3 |  4- 6 |  7- 9 || total
-------------------------+-------+-------+-------++-------
Melee: Unarmed           |    33 |       |       ||    33
       Short sword       |    41 |    94 |       ||   135
       Punch             |       |     1 |       ||     1
       Spear             |       |    13 |       ||    13
       Whip              |       |       |    50 ||    50
 Cast: Freeze            |    15 |    17 |       ||    32
       Frozen Ramparts   |       |     4 |     4 ||     8
       Ozocubu's Armour  |       |     5 |     3 ||     8
  Use: Scroll            |     1 |     3 |       ||     4
 Stab: Sleeping          |     5 |     6 |     2 ||    13
Armor: Robe              |    15 |    34 |    11 ||    60
Dodge: Dodged            |    49 |    92 |    46 ||   187
